 Dungeon Crawl Stone Soup version 0.19-a0-1827-g174f941 (webtiles) character file.

224 Amnesiac the Magician (level 5, 0/35 HPs)
             Began as a Mummy Wizard on Oct 7, 2016.
             Was a Follower of Kikubaaqudgha.
             Slain by an orc priest (2 damage)
             ... on level 4 of the Dungeon.
             The game lasted 00:06:27 (3784 turns).

Amnesiac the Magician (Mummy Wizard)                Turns: 3784, Time: 00:06:27

Health: 0/35       AC:  4    Str: 10    XL:     5   Next: 67%
Magic:  1/11       EV: 12    Int: 18    God:    Kikubaaqudgha [*.....]
Gold:   219        SH:  0    Dex: 11    Spells: 6 memorised, 1 level left

rFire  x . .     SeeInvis .     m - +2 quarterstaff (chaos)
rCold  + . .     Gourm    .     a - +0 robe
rNeg   + + +     Faith    .     (shield currently unavailable)
rPois  ∞         Spirit   .     b - +0 hat
rElec  .         Dismiss  .     n - +1 cloak
rCorr  .         Reflect  .     (no gloves)
MR     .....     Harm     .     (no boots)
Stlth  ++........               (no amulet)
                                (no ring)
                                (no ring)

@: no status effects
A: no food or potions, fire vulnerability, cold resistance 1, negative energy
resistance 3, torment resistance, unbreathing
a: Receive Corpses, Renounce Religion


You were on level 4 of the Dungeon.
You worshipped Kikubaaqudgha.
Kikubaaqudgha was aware of your devotion.
You were not hungry.

You visited 1 branch of the dungeon, and saw 4 of its levels.

You collected 219 gold pieces.

Inventory:

Hand Weapons
 m - a +2 quarterstaff of chaos (weapon)
Missiles
 l - a throwing net (quivered)
Armour
 a - a +0 robe (worn)
 b - a +0 hat (worn)
 n - a +1 cloak (worn)
Wands
 o - a wand of confusion (15/48)
Scrolls
 d - 8 scrolls of identify {unknown}
 e - 4 scrolls of enchant armour {unknown}
 f - a scroll of teleportation {unknown}
 g - 3 scrolls of remove curse {unknown}
 h - a scroll of immolation {unknown}
 i - 2 scrolls of blinking {unknown}
 p - a scroll of random uselessness {unknown}
Books
 c - a book of Minor Magic

   Spells                             Type                      Level
   a - Magic Dart                     Conjuration                  1
   b - Blink                          Translocation                2
   c - Call Imp                       Summoning                    2
   d - Repel Missiles                 Charms/Air                   2
   e - Slow                           Hexes                        2
   f - Conjure Flame                  Conjuration/Fire             3
   g - Mephitic Cloud                 Conjuration/Poison/Air       3
 j - a book of Cantrips

   Spells                             Type                      Level
   a - Confusing Touch                Hexes                        1
   b - Animate Skeleton               Necromancy                   1
   c - Summon Small Mammal            Summoning                    1
   d - Apportation                    Translocation                1
 k - Kikubaaqudgha's Catalogue of Dark Rituals
   (Kikubaaqudgha gifted it to you on level 3 of the Dungeon)

   Spells                             Type                      Level
   a - Animate Skeleton               Necromancy                   1
   b - Pain                           Necromancy                   1
   c - Corpse Rot                     Necromancy                   2
   d - Vampiric Draining              Necromancy                   3
   e - Control Undead                 Necromancy                   4


   Skills:
 - Level 1.5 Dodging
 - Level 1.5 Stealth
 - Level 4.5 Spellcasting
 - Level 1.5 Conjurations
 - Level 0.7 Summonings
 + Level 3.6 Necromancy
 - Level 0.7 Translocations


You had one spell level left.
You knew the following spells:

 Your Spells              Type           Power        Failure   Level  Hunger
a - Magic Dart            Conj           #...         10%         1    N/A
b - Blink                 Tloc           N/A          17%         2    N/A
d - Call Imp              Summ           #.......     17%         2    N/A
e - Mephitic Cloud        Conj/Pois/Air  #.......     34%         3    N/A
f - Pain                  Necr           ###.         3%          1    N/A
s - Conjure Flame         Conj/Fire      #.......     34%         3    N/A

Dungeon Overview and Level Annotations

Branches:
Dungeon (4/15)
 Temple: D:4-7

Altars:
Kikubaaqudgha
Okawaru


Innate Abilities, Weirdness & Mutations

You do not eat or drink.
Your flesh is vulnerable to fire.
You are immune to poison.
Your flesh is cold resistant. (rC+)
You are immune to negative energy. (rN+++)
You are immune to unholy pain and torment.
You can survive without breathing.


Message History

Casting: Pain
Confirm with . or Enter, or press ? or * to list all spells.
Aiming: Pain
Press: ? - help, Shift-Dir - straight line, f/p - orc wizard
Aim: an orc wizard, wielding a dagger and wearing a robe (severely wounded, chance to defeat MR: 73%)
The orc wizard writhes in agony!
You kill the orc wizard!
Kikubaaqudgha accepts your kill. The orc hits you but does no damage.
Unknown command.
Okay, then.
You sock the orc!
You kill the orc!
Kikubaaqudgha accepts your kill.
The orc priest calls down the wrath of Beogh upon you.
You are unaffected.
You hit the orc priest but do no damage.
The orc priest hits you.
You die...
Kikubaaqudgha rasps: "You have failed me!
Welcome... oblivion!"

#.# #.#
#.# .# #.#
#.# #.#
#.# #.#
##.#######
#)....@o.#
########.#
.# .o ###


You could see an orc priest.

Vanquished Creatures
  Crazy Yiuf (D:2)
  An orc wizard (D:4)
  2 gnolls (D:2)
  2 adders
  An ooze (D:1)
  2 leopard geckos
  3 orcs
  A ball python (D:2)
  5 giant cockroaches
  11 goblins
  A hobgoblin (D:3)
  9 jackals
  6 bats
  4 frilled lizards
  5 kobolds
  6 rats
60 creatures vanquished.

Vanquished Creatures (collateral kills)
  An ogre (D:4)
  2 gnolls (D:2)
  A worm (D:1)
  A hobgoblin (D:1)
  A ball python (D:4)
  2 frilled lizards
8 creatures vanquished.

Grand Total: 68 creatures vanquished

Notes
Turn   | Place    | Note
-------+----------+-------------------------------------------
     0 | D:1      | Amnesiac the Mummy Wizard began the quest for the Orb.
     0 | D:1      | Reached XP level 1. HP: 13/13 MP: 4/4
    62 | D:1      | Reached skill level 1 in Conjurations
   538 | D:1      | Reached XP level 2. HP: 18/19 MP: 0/6
   553 | D:1      | Learned a level 2 spell: Call Imp
   837 | D:4      | Found an iron altar of Okawaru.
  1602 | D:4      | Noticed a phantom
  1614 | D:4      | Found an ancient bone altar of Kikubaaqudgha.
  1614 | D:4      | Noticed an ogre
  1645 | D:4      | Killed an ogre
  1645 | D:4      | Reached skill level 4 in Spellcasting
  1645 | D:4      | Reached XP level 3. HP: 24/24 MP: 4/8
  1645 | D:4      | Reached XP level 4. HP: 30/30 MP: 5/10
  1666 | D:4      | Became a worshipper of Kikubaaqudgha
  2478 | D:2      | Found a runed door.
  2549 | D:2      | Learned a level 3 spell: Mephitic Cloud
  2560 | D:2      | Reached skill level 1 in Necromancy
  2809 | D:2      | Learned a level 2 spell: Blink
  3226 | D:2      | Reached XP level 5. HP: 26/35 MP: 5/11
  3333 | D:2      | Noticed Crazy Yiuf
  3344 | D:2      | Learned a level 3 spell: Conjure Flame
  3346 | D:2      | Killed Crazy Yiuf
  3497 | D:3      | Reached * piety under Kikubaaqudgha
  3497 | D:3      | Identified Kikubaaqudgha's Catalogue of Dark Rituals (Kikubaaqudgha gifted it to you on level 3 of the Dungeon)
  3497 | D:3      | Received a gift from Kikubaaqudgha
  3508 | D:3      | Learned a level 1 spell: Pain
  3781 | D:4      | HP: 1/35 [orc/club (1)]
  3784 | D:4      | Slain by an orc priest

Vault maps used:
D:1:      dpeg_arrival_rooms_with_view
D:2:      first_bread, feat_on_display, uniq_crazy_yiuf_cottage
D:3:      kennysheep_generic_room_7
D:4:      kiku_gazebo_pond_becter, okawaru_metal_pillars_3,
          hangedman_decor_push, kennysheep_boxes

Skill      XL: |  1  2  3  4  5 |
---------------+----------------+-----
Conjurations   | 1 |  1.5
Spellcasting   | 4 |  4.5
Necromancy     | 2 3 |  3.6
Dodging        | |  1.5
Stealth        | |  1.5
Summonings     | |  0.7
Translocations | |  0.7

Action                   |  1- 3 |  4- 6 || total
-------------------------+-------+-------++-------
Melee: Unarmed           |    29 |     7 ||    36
       Flail             |       |     7 ||     7
       Quarterstaff      |       |     6 ||     6
 Cast: Magic Dart        |    51 |    66 ||   117
       Call Imp          |     5 |     3 ||     8
       Mephitic Cloud    |       |     2 ||     2
       Blink             |       |     1 ||     1
       Pain              |       |    19 ||    19
       Conjure Flame     |       |     1 ||     1
 Stab: Confused          |       |     1 ||     1
Armor: Robe              |    11 |     6 ||    17
Dodge: Dodged            |    35 |    21 ||    56
